 Dungeon Crawl Stone Soup version 0.18-a0-596-g6468885 (webtiles) character file.

199 4thArraOfDagon the Skirmisher (level 5, -7/43 HPs)
             Began as a Mummy Monk on Dec 4, 2015.
             Was a Believer of Okawaru.
             Mangled by an ogre
             ... wielding a +0 giant spiked club
              (26 damage)
             ... on level 5 of the Dungeon.
             The game lasted 00:08:21 (1870 turns).

4thArraOfDagon the Skirmisher (Mummy Monk)          Turns: 1870, Time: 00:08:22

Health: -7/43      AC: 10    Str: 14    XL:     5   Next: 48%
Magic:  4/6        EV: 15    Int: 10    God:    Okawaru [**....]
Gold:   184        SH:  0    Dex: 15    Spells: 0 memorised, 4 levels left

rFire  . . .     SeeInvis .       - Unarmed
rCold  + . .     Clarity  .     i - +4 ring mail {rF+}
rNeg   + + +     SustAt   .     (no shield)
rPois  ∞         Gourm    .     (no helmet)
rElec  .         Spirit   .     (no cloak)
rCorr  .         Dismiss  .     (no gloves)
rMut   .         Stasis   .     (no boots)
MR     .....                    (no amulet)
Stlth  +++.......               (no ring)
                                (no ring)

@: heroism, not resistant to hostile enchantments, fairly stealthy
A: no food or potions, fire vulnerability, cold resistance 1, negative energy
resistance 3, torment resistance, unbreathing
a: Heroism, Renounce Religion


You were on level 5 of the Dungeon.
You worshipped Okawaru.
Okawaru was pleased with you.
You were not hungry.

You visited 1 branch of the dungeon, and saw 5 of its levels.

You collected 184 gold pieces.

Inventory:

Armour
 i - a +4 ring mail of fire resistance (worn)
Jewellery
 h - an uncursed ring of teleportation
Scrolls
 a - 4 scrolls of remove curse
 d - a scroll of amnesia
 f - a scroll of enchant armour
 g - a scroll of immolation
 k - a scroll of random uselessness
Potions
 b - a potion of might {unknown}
Books
 j - a book of Dreams

   Spells                             Type                      Level
   a - Ensorcelled Hibernation        Hexes/Ice                    2
   b - Phase Shift                    Translocation                5
   c - Shadow Creatures               Summoning                    5
   d - Silence                        Hexes/Air                    5
   e - Darkness                       Hexes                        6
   f - Mass Confusion                 Hexes                        6


   Skills:
 + Level 4.4(9.4) Fighting
 + Level 1.3(6.3) Armour
 + Level 3.3(8.3) Dodging
 - Level 1.5(6.5) Stealth
 - Level 3.2(8.2) Unarmed Combat
 + Level 1.6 Invocations
 * Level 0.7 Evocations


You had 4 spell levels left.
You didn't know any spells.

Dungeon Overview and Level Annotations

Branches:
Dungeon (5/15)
 Temple: D:4-7

Altars:
Dithmenos
Gozag
Kikubaaqudgha
Makhleb
Nemelex Xobeh
Okawaru
Sif Muna
Yredelemnul
Zin

Annotations:
D:4 axujen's ghost, amateur TeAr
D:5 4thArraOfDagon's ghost, amateur MiBe


Innate Abilities, Weirdness & Mutations

You do not eat or drink.
Your flesh is vulnerable to fire.
You are immune to poison.
Your flesh is cold resistant.
You are immune to negative energy.
You are immune to unholy pain and torment.
You can survive without breathing.


Message History

The adder is severely wounded.
The adder bites you but does no damage.
You hit the adder.
You kill the adder!
Okawaru accepts your kill.
An ogre comes into view. It is wielding a giant spiked club.
The ogre shouts!
Unknown command.
Unknown command.
You gain the combat prowess of a mighty hero.
You punch the ogre!
The ogre is moderately wounded.
You punch the ogre!
The ogre is severely wounded.
The ogre hits you with a giant spiked club!!
You punch the ogre!
The ogre is almost dead.
The ogre hits you with a giant spiked club!!
Ouch! That really hurt!
You die...

.............
............# .
#..........#
##..........#
............#
.#..........#
............#
#.....########...
#......O@........
#....########....
###### #


You could see an ogre.

Vanquished Creatures
  A centaur skeleton (D:3)
  Terence (D:3)
  3 gnolls (D:4)
  9 adders
  4 goblins
  6 hobgoblins
  2 jackals (D:1)
  4 kobolds
  5 bats
  4 giant cockroaches
  A giant gecko (D:1)
  2 giant newts
  4 rats (D:1)
46 creatures vanquished.

Notes
Turn   | Place    | Note
--------------------------------------------------------------
     0 | D:1      | 4thArraOfDagon the Mummy Monk began the quest for the Orb.
     0 | D:1      | Reached XP level 1. HP: 18/18 MP: 1/1
    37 | D:2      | Found a sparkling altar of Nemelex Xobeh.
   120 | D:2      | Found a faded altar to an unknown god.
   142 | D:2      | Reached XP level 2. HP: 18/24 MP: 2/2
   314 | D:3      | Found a basalt altar of Yredelemnul.
   320 | D:3      | Found a glowing silver altar of Zin.
   320 | D:3      | Found an ancient bone altar of Kikubaaqudgha.
   321 | D:3      | Found an iron altar of Okawaru.
   322 | D:3      | Found a deep blue altar of Sif Muna.
   324 | D:3      | Found a shadowy altar of Dithmenos.
   325 | D:3      | Found a burning altar of Makhleb.
   331 | D:3      | Became a worshipper of Warmaster Okawaru
   331 | D:3      | Reached * piety under Okawaru
   331 | D:3      | Reached ** piety under Okawaru
   350 | D:3      | Found an opulent altar of Gozag.
   438 | D:4      | Noticed axujen's ghost (amateur TeAr)
   493 | D:2      | Reached XP level 3. HP: 12/29 MP: 3/3
   820 | D:2      | Reached XP level 4. HP: 14/37 MP: 4/4
  1058 | D:2      | Reached skill level 4 in Fighting
  1058 | D:2      | Reached skill level 1 in Armour
  1058 | D:2      | Reached skill level 1 in Invocations
  1267 | D:3      | Found a sparkling altar of Nemelex Xobeh.
  1269 | D:3      | Noticed Terence
  1289 | D:3      | Killed Terence
  1295 | D:3      | Reached XP level 5. HP: 28/42 MP: 3/6
  1397 | D:5      | Entered Level 5 of the Dungeon
  1397 | D:5      | Noticed an ogre
  1397 | D:5      | Noticed 4thArraOfDagon's ghost (amateur MiBe)
  1651 | D:5      | Noticed a water moccasin
  1860 | D:5      | Noticed an ogre
  1870 | D:5      | Mangled by an ogre

Vault maps used:
D:1:      dpeg_arrival_water_temple_mockup
D:2:      ecumenical_altar_2, first_bread, nemelex_dance_club_becter
D:3:      minitemple, grunt_gozag_statues, supply_closet_lemuel,
          nemelex_xobeh_ov_fountains_minmay, uniq_terence
D:4:      bh_chokoban, uniq_robin

Action                   |  1- 3 |  4- 6 || total
-------------------------+-------+-------++-------
Melee: Unarmed           |   103 |   204 ||   307
Invok: Heroism           |     1 |     2 ||     3
  Use: Scroll            |       |     6 ||     6
 Stab: Sleeping          |     1 |       ||     1
